HSSL
COWETA HS TIGERS @ BISHOP GORMAN HS BALBASAURS
04/14/2027
 
TOP OF THE 1ST
Coweta HS Tigers batting - Pitching for Bishop Gorman HS Balbasaurs : RHP Alan Turner
Pitching: RHP Alan Turner
Batting: LHB Jamie Walker 0-0: Called Strike
0-1: Called Strike
0-2: Ball
1-2: Foul Ball, location: 2F
1-2: Ball
2-2: Hit by Pitch
Batting: RHB Luis Brito 0-0: Ball
1-0: Ball
2-0: Ball
3-0: Called Strike
3-1: Foul Ball, location: 2F
3-2: Foul Ball, location: 2F
3-2: 2-RUN HOME RUN (Flyball, 9D), Distance : 356 ft
Batting: LHB Vito Ramírez 0-0: Ball
1-0: Ground out U3 (Groundball, 34)
Batting: RHB Dan Britt 0-0: Called Strike
0-1: Ball
1-1: Fly out, F9 (Flyball, 9S)
Batting: RHB Garth O'Flahavan 0-0: SOLO HOME RUN (Flyball, 7LD), Distance : 330 ft
Batting: LHB Joe Mobley 0-0: Foul Ball, location: 2F
0-1: Foul Ball, location: 2F
0-2: Strikes out swinging
Top of the 1st over - 3 run(s), 2 hit(s), 0 error(s), 0 left on base; Coweta HS 3 - Bishop Gorman HS 0
BOTTOM OF THE 1ST
Bishop Gorman HS Balbasaurs batting - Pitching for Coweta HS Tigers : RHP Jim Raynor
Pitching: RHP Jim Raynor
Batting: RHB Chris Cox 0-0: Foul Ball, location: 2F
0-1: Ball
1-1: Called Strike
1-2: SINGLE (Groundball, 4D)
Batting: RHB Jimmy Martin 0-0: Ball
1-0: Ball
2-0: Called Strike
2-1: Called Strike
2-2: Foul Ball, location: 2F
2-2: Ball
3-2: Base on Balls
Chris Cox to second
Batting: RHB José Díaz 0-0: Foul Ball, location: 2F
0-1: Fly out, F7 (Line Drive, 78M)
Batting: LHB Guillermo Peña 0-0: Ball
1-0: SINGLE (Line Drive, 8LS)
Chris Cox to third
Jimmy Martin to second
Batting: RHB Scotty Humphrey 0-0: Ball
1-0: Foul Ball, location: 2F
1-1: Ball
2-1: Ball
3-1: Swinging Strike
3-2: Foul Ball, location: 2F
3-2: SINGLE (Flyball, 8LS)
Chris Cox scores
Jimmy Martin to third
Guillermo Peña to second
Batting: RHB Sidney Gilbert 0-0: Foul Ball, location: 2F
0-1: Called Strike
0-2: Foul Ball, location: 2F
0-2: Foul Ball, location: 2F
0-2: Fly out, F7 (Flyball, 78XD)
Runner from 3rd tags up, SCORES, no throw
Batting: RHB John Milligan 0-0: Swinging Strike
0-1: Fly out, F8 (Flyball, 8LM)
Bottom of the 1st over - 2 run(s), 3 hit(s), 0 error(s), 2 left on base; Coweta HS 3 - Bishop Gorman HS 2
TOP OF THE 2ND
Coweta HS Tigers batting - Pitching for Bishop Gorman HS Balbasaurs : RHP Alan Turner
Batting: RHB Bill Tremblay 0-0: Ball
1-0: Called Strike
1-1: Foul Ball, location: 2F
1-2: Ball
2-2: Strikes out swinging
Batting: RHB Arthur Salyers 0-0: Ball
1-0: Ground out 1-3 (Groundball, 13S)
Batting: RHB Todd Slater 0-0: SINGLE (Popup, 56D)
Batting: LHB Jamie Walker 0-0: Swinging Strike
0-1: Ball
1-1: Ball
2-1: Foul Ball, location: 2F
2-2: Strikes out swinging
Top of the 2nd over - 0 run(s), 1 hit(s), 0 error(s), 1 left on base; Coweta HS 3 - Bishop Gorman HS 2
BOTTOM OF THE 2ND
Bishop Gorman HS Balbasaurs batting - Pitching for Coweta HS Tigers : RHP Jim Raynor
Batting: RHB Mario Ramírez 0-0: SINGLE (Line Drive, 89M)
Batting: RHB Ramón Chávez 0-0: Ball
Mario Ramírez steals 2nd base
1-0: SINGLE (Line Drive, 7S)
Mario Ramírez to third
Batting: RHB Chris Cox 0-0: Called Strike
0-1: Ball
1-1: Ball
2-1: Called Strike
2-2: Ball
3-2: Foul Ball, location: 2F
3-2: TRIPLE (Line Drive, 89M)
Mario Ramírez scores
Ramón Chávez scores
Batting: RHB Jimmy Martin 0-0: Foul Ball, location: 2F
0-1: Foul Ball, location: 2F
0-2: Ball
1-2: Ball
2-2: Fly out, F8 (Flyball, 8RM)
Runner from 3rd tags up, SCORES, no throw
Batting: RHB José Díaz 0-0: Ball
1-0: SINGLE (Groundball, 56S) (infield hit)
Batting: LHB Guillermo Peña 0-0: Called Strike
0-1: Ball
José Díaz steals 2nd base
1-1: Called Strike
1-2: Ball
2-2: Foul Ball, location: 2F
2-2: Ball
3-2: SINGLE (Groundball, 25) (infield hit)
José Díaz to third
Batting: RHB Scotty Humphrey 0-0: Ball
1-0: Swinging Strike
1-1: Called Strike
1-2: Foul Ball, location: 2F
1-2: Strikes out swinging
Batting: RHB Sidney Gilbert 0-0: Called Strike
0-1: Ball
1-1: Called Strike
1-2: Ground out U3 (Groundball, 34)
Bottom of the 2nd over - 3 run(s), 5 hit(s), 0 error(s), 2 left on base; Coweta HS 3 - Bishop Gorman HS 5
TOP OF THE 3RD
Coweta HS Tigers batting - Pitching for Bishop Gorman HS Balbasaurs : RHP Alan Turner
Batting: RHB Luis Brito 0-0: Ball
1-0: Called Strike
1-1: Ball
2-1: Ball
3-1: Foul Ball, location: 2F
3-2: Ground out 6-3 (Groundball, 6)
Batting: LHB Vito Ramírez 0-0: Fly out, F7 (Flyball, 7LSF)
Batting: RHB Dan Britt 0-0: Ball
1-0: Ball
2-0: Ball
3-0: Base on Balls
Batting: RHB Garth O'Flahavan 0-0: Ball
1-0: Foul Ball, location: 2F
1-1: Foul Ball, location: 2F
1-2: Ball
2-2: Strikes out looking
Top of the 3rd over - 0 run(s), 0 hit(s), 0 error(s), 1 left on base; Coweta HS 3 - Bishop Gorman HS 5
BOTTOM OF THE 3RD
Bishop Gorman HS Balbasaurs batting - Pitching for Coweta HS Tigers : RHP Jim Raynor
Batting: RHB John Milligan 0-0: Ball
1-0: Foul Ball, location: 2F
1-1: Fly out, F8 (Flyball, 78M)
Batting: RHB Mario Ramírez 0-0: Ball
1-0: Ball
2-0: Fly out, F8 (Flyball, 8RM)
Batting: RHB Ramón Chávez 0-0: Ball
1-0: Ball
2-0: Fly out, F8 (Flyball, 8LS)
Bottom of the 3rd over - 0 run(s), 0 hit(s), 0 error(s), 0 left on base; Coweta HS 3 - Bishop Gorman HS 5
TOP OF THE 4TH
Coweta HS Tigers batting - Pitching for Bishop Gorman HS Balbasaurs : RHP Alan Turner
Batting: LHB Joe Mobley 0-0: Swinging Strike
0-1: Swinging Strike
0-2: Ball
1-2: Ball
2-2: Ball
3-2: Foul Ball, location: 2F
3-2: Strikes out looking
Batting: RHB Bill Tremblay 0-0: DOUBLE (Line Drive, 9LM)
Batting: RHB Arthur Salyers 0-0: Called Strike
0-1: Called Strike
0-2: Reached on error, E5 (Groundball, 5)
Bill Tremblay scores
Batting: RHB Todd Slater 0-0: Ball
1-0: Ball
Arthur Salyers is caught stealing 3rd base
2-0: Fly out, F9 (Flyball, 9LM)
Top of the 4th over - 1 run(s), 1 hit(s), 1 error(s), 0 left on base; Coweta HS 4 - Bishop Gorman HS 5
BOTTOM OF THE 4TH
Bishop Gorman HS Balbasaurs batting - Pitching for Coweta HS Tigers : RHP Jim Raynor
Batting: RHB Chris Cox 0-0: Ball
1-0: Bunted foul
1-1: Foul Ball, location: 2F
1-2: Strikes out swinging
Batting: RHB Jimmy Martin 0-0: Ball
1-0: Ball
2-0: Ball
3-0: Called Strike
3-1: Called Strike
3-2: Ground out 6-3 (Groundball, 6)
Batting: RHB José Díaz 0-0: Called Strike
0-1: SINGLE (Flyball, 9LS)
Pitching: RHP Billy Cole
Batting: LHB Guillermo Peña 0-0: Ball
1-0: Fielders Choice at 2nd, 5-4 (Groundball, 56)
Bottom of the 4th over - 0 run(s), 1 hit(s), 0 error(s), 0 left on base; Coweta HS 4 - Bishop Gorman HS 5
TOP OF THE 5TH
Coweta HS Tigers batting - Pitching for Bishop Gorman HS Balbasaurs : RHP Alan Turner
Batting: LHB Jamie Walker 0-0: Called Strike
0-1: Ball
1-1: Ball
2-1: Ball
3-1: Base on Balls
Batting: RHB Luis Brito 0-0: Ball
1-0: Grounds into double play, 5-4-3 (Groundball, 5)
Batting: LHB Vito Ramírez 0-0: Ball
1-0: Ball
2-0: Ball
3-0: Called Strike
3-1: Swinging Strike
3-2: Ground out 5-3 (Groundball, 2L)
Top of the 5th over - 0 run(s), 0 hit(s), 0 error(s), 0 left on base; Coweta HS 4 - Bishop Gorman HS 5
BOTTOM OF THE 5TH
Bishop Gorman HS Balbasaurs batting - Pitching for Coweta HS Tigers : RHP Billy Cole
Batting: RHB Scotty Humphrey 0-0: Ball
1-0: Swinging Strike
1-1: Ball
2-1: Ball
3-1: Base on Balls
Batting: RHB Sidney Gilbert 0-0: Ball
1-0: Ball
2-0: Ball
3-0: Called Strike
3-1: Foul Ball, location: 2F
3-2: Grounds into double play, 4-6-3 (Groundball, 4)
Batting: RHB John Milligan 0-0: Called Strike
0-1: Ball
1-1: Ball
2-1: Ball
3-1: Called Strike
3-2: Base on Balls
Batting: RHB Mario Ramírez 0-0: Fly out, F8 (Flyball, 8RM)
Bottom of the 5th over - 0 run(s), 0 hit(s), 0 error(s), 1 left on base; Coweta HS 4 - Bishop Gorman HS 5
TOP OF THE 6TH
Coweta HS Tigers batting - Pitching for Bishop Gorman HS Balbasaurs : RHP Alan Turner
Batting: RHB Dan Britt 0-0: Ball
1-0: Reached on error, E1 (Groundball, 13S)
Pitching: RHP Rafael Hernández
Batting: RHB Garth O'Flahavan 0-0: Called Strike
0-1: Called Strike
0-2: Ball
1-2: Foul Ball, location: 2F
1-2: Ball
2-2: Ball
3-2: SINGLE (Groundball, 6MD)
Dan Britt to second
Batting: LHB Joe Mobley 0-0: Ball
1-0: Ball
2-0: Ball
3-0: Called Strike
3-1: Base on Balls
Dan Britt to third
Garth O'Flahavan to second
Batting: RHB Bill Tremblay 0-0: Foul Ball, location: 2F
0-1: SINGLE (Line Drive, 56D)
Dan Britt scores
Garth O'Flahavan to third
Joe Mobley to second
Batting: RHB Arthur Salyers 0-0: Ball
1-0: Ball
2-0: Foul Ball, location: 2F
2-1: Swinging Strike
2-2: Ball
3-2: Strikes out looking
Batting: RHB Todd Slater 0-0: Ball
1-0: Ball
2-0: Ball
3-0: Called Strike
3-1: Fly out, F8 (Flyball, 78XD)
Runner from 3rd tags up, SCORES, no throw
Batting: LHB Jamie Walker 0-0: Called Strike
0-1: Ball
1-1: Ground out 3-1 (Groundball, 34S)
Top of the 6th over - 2 run(s), 2 hit(s), 1 error(s), 2 left on base; Coweta HS 6 - Bishop Gorman HS 5
BOTTOM OF THE 6TH
Bishop Gorman HS Balbasaurs batting - Pitching for Coweta HS Tigers : RHP Billy Cole
Batting: RHB Ramón Chávez 0-0: Foul Ball, location: 2F
0-1: Foul Ball, location: 2F
0-2: Ball
1-2: Ball
2-2: Ground out 4-3 (Groundball, 34)
Batting: RHB Chris Cox 0-0: Called Strike
0-1: Ball
1-1: Ball
2-1: Called Strike
2-2: Ground out 1-3 (Groundball, 13S)
Batting: RHB Jimmy Martin 0-0: Ball
1-0: Swinging Strike
1-1: Ball
2-1: Ground out 5-3 (Groundball, 56)
Bottom of the 6th over - 0 run(s), 0 hit(s), 0 error(s), 0 left on base; Coweta HS 6 - Bishop Gorman HS 5
TOP OF THE 7TH
Coweta HS Tigers batting - Pitching for Bishop Gorman HS Balbasaurs : RHP Rafael Hernández
Batting: RHB Luis Brito 0-0: Called Strike
0-1: Ball
1-1: Fly out, F9 (Flyball, 89S)
Batting: LHB Vito Ramírez 0-0: Ball
1-0: Ball
2-0: Ball
3-0: Called Strike
3-1: Foul Ball, location: 2F
3-2: Foul Ball, location: 2F
3-2: Fly out, F3 (Line Drive, 3)
Batting: RHB Dan Britt 0-0: Ball
1-0: Swinging Strike
1-1: Ball
2-1: Foul Ball, location: 2F
2-2: Ball
3-2: DOUBLE (Flyball, 9LM)
Batting: RHB Garth O'Flahavan 0-0: Ball
1-0: Foul Ball, location: 2F
1-1: Foul Ball, location: 2F
1-2: Fly out, F8 (Flyball, 89D)
Top of the 7th over - 0 run(s), 1 hit(s), 0 error(s), 1 left on base; Coweta HS 6 - Bishop Gorman HS 5
BOTTOM OF THE 7TH
Bishop Gorman HS Balbasaurs batting - Pitching for Coweta HS Tigers : RHP Billy Cole
Batting: RHB José Díaz 0-0: Foul Ball, location: 2F
0-1: Ball
1-1: Swinging Strike
1-2: Foul Ball, location: 2F
1-2: Ball
2-2: Ball
3-2: Foul Ball, location: 2F
3-2: Foul Ball, location: 2F
3-2: DOUBLE (Line Drive, 8LD)
Batting: LHB Guillermo Peña 0-0: Ball
1-0: Ball
2-0: Ball
3-0: Base on Balls
Batting: RHB Scotty Humphrey 0-0: Called Strike
0-1: Swinging Strike
0-2: Ground out 5-3 (Groundball, 56S)
José Díaz to third
Guillermo Peña to second
Batting: RHB Sidney Gilbert 0-0: Ball
1-0: Called Strike
1-1: Ball
2-1: Ball
3-1: Base on Balls
Pitching: LHP José Agámez
Batting: RHB John Milligan 0-0: SINGLE (Groundball, 56D)
José Díaz scores
Guillermo Peña to third
Sidney Gilbert to second
Runner from 3rd tries for Home, SAFE, no throw
Batting: RHB Mario Ramírez 0-0: Ball
1-0: Swinging Strike
1-1: Ball
2-1: Foul Ball, location: 2F
2-2: Foul Ball, location: 2F
2-2: Ball
3-2: Base on Balls
Sidney Gilbert to third
John Milligan to second
Batting: RHB Ramón Chávez 0-0: Foul Ball, location: 2F
0-1: Ball
1-1: Grounds into fielders choice 6-2 (Groundball, 6)
John Milligan to third
Mario Ramírez to second
Batting: RHB Chris Cox 0-0: Ball
1-0: Fielders Choice at 2nd, 5-4 (Groundball, 56)
Bottom of the 7th over - 2 run(s), 2 hit(s), 0 error(s), 2 left on base; Coweta HS 6 - Bishop Gorman HS 7
TOP OF THE 8TH
Coweta HS Tigers batting - Pitching for Bishop Gorman HS Balbasaurs : RHP Rafael Hernández
Now at C: Jake Rutledge
Now at 2B: Zhen-bang Rao
Batting: LHB Joe Mobley 0-0: Called Strike
0-1: SINGLE (Groundball, 56D)
Pitching: RHP Mike Lovell
Batting: RHB Bill Tremblay 0-0: Bunted foul
0-1: Sac Bunt - play at second, runner OUT! 5-6
Batting: RHB Arthur Salyers 0-0: Ball
1-0: SINGLE (Flyball, 8RS)
Bill Tremblay to second
Runner from 2nd tries for 3rd, SAFE, throw made to third
Arthur Salyers to second
Batting: RHB Todd Slater 0-0: Ball
1-0: Foul Ball, location: 2F
1-1: Swinging Strike
1-2: Foul Ball, location: 2F
1-2: Foul Ball, location: 2F
1-2: Strikes out swinging
Batting: LHB Jamie Walker 0-0: Ball
1-0: Ball
2-0: Ball
3-0: Base on Balls
Batting: RHB Luis Brito 0-0: SINGLE (Groundball, 4MD)
Bill Tremblay scores
Arthur Salyers to third
Jamie Walker to second
Runner from 3rd tries for Home, SAFE, no throw
Pitching: RHP Keith Crabtree
Batting: LHB Vito Ramírez 0-0: Ball
1-0: Called Strike
1-1: Called Strike
1-2: Foul Ball, location: 2F
1-2: Strikes out swinging
Top of the 8th over - 2 run(s), 3 hit(s), 0 error(s), 2 left on base; Coweta HS 8 - Bishop Gorman HS 7
BOTTOM OF THE 8TH
Bishop Gorman HS Balbasaurs batting - Pitching for Coweta HS Tigers : LHP José Agámez
Pitching: RHP Mario Salazar
Batting: RHB Jimmy Martin 0-0: Ball
1-0: Ball
2-0: Fly out, F9 (Flyball, 9LSF)
Batting: RHB José Díaz 0-0: Ball
1-0: Swinging Strike
1-1: Ball
2-1: Ball
3-1: Swinging Strike
3-2: Foul Ball, location: 2F
3-2: Strikes out swinging
Pitching: LHP Martin Goodwyn
Batting: LHB Guillermo Peña 0-0: Swinging Strike
0-1: Foul Ball, location: 2F
0-2: Ball
1-2: Ball
2-2: Ball
3-2: Foul Ball, location: 2F
3-2: Ground out 6-3 (Groundball, 6)
Bottom of the 8th over - 0 run(s), 0 hit(s), 0 error(s), 0 left on base; Coweta HS 8 - Bishop Gorman HS 7
TOP OF THE 9TH
Coweta HS Tigers batting - Pitching for Bishop Gorman HS Balbasaurs : RHP Keith Crabtree
Batting: RHB Dan Britt 0-0: Called Strike
0-1: Foul Ball, location: 2F
0-2: Ball
1-2: Ball
2-2: Foul Ball, location: 2F
2-2: Foul Ball, location: 2F
2-2: SINGLE (Groundball, 6MD)
Batting: RHB Garth O'Flahavan 0-0: Ball
1-0: Ball
2-0: Called Strike
2-1: Ball
3-1: Swinging Strike
3-2: Foul Ball, location: 2F
3-2: Strikes out swinging
Pinch Hitting: RHB Will Fields 0-0: Swinging Strike
0-1: Ball
1-1: SINGLE (Groundball, 6) (infield hit)
Dan Britt to second
Pinch Hitting: RHB Eddie Fisher 0-0: Ball
1-0: Foul Ball, location: 2F
1-1: Called Strike
1-2: Ball
2-2: Ball
Wild Pitch!
Dan Britt to third
Will Fields to second
3-2: Intentional Walk
Batting: RHB Arthur Salyers 0-0: Called Strike
0-1: Foul Ball, location: 2F
0-2: Ball
1-2: Strikes out looking
Batting: RHB Todd Slater 0-0: Fly out, F8 (Flyball, 8RD)
Top of the 9th over - 0 run(s), 2 hit(s), 0 error(s), 3 left on base; Coweta HS 8 - Bishop Gorman HS 7
BOTTOM OF THE 9TH
Bishop Gorman HS Balbasaurs batting - Pitching for Coweta HS Tigers : LHP Martin Goodwyn
Pitching: LHP Charlie Aguilar
Now at C: Kevin Burris
Now at 1B: Eddie Fisher
Now at 3B: Will Fields
Batting: RHB Scotty Humphrey 0-0: Ball
1-0: Foul Ball, location: 2F
1-1: Foul Ball, location: 2F
1-2: Ball
2-2: Fly out, F9 (Flyball, 9LS)
Batting: RHB Sidney Gilbert 0-0: Ball
1-0: Ball
2-0: Ball
3-0: Base on Balls
Batting: RHB Jake Rutledge 0-0: Foul Ball, location: 2F
0-1: Foul Ball, location: 2F
0-2: Strikes out swinging
Batting: RHB Mario Ramírez 0-0: Foul Ball, location: 2F
0-1: Ball
1-1: Foul Ball, location: 2F
1-2: SINGLE (Groundball, 6D)
Sidney Gilbert to second
Batting: RHB Ramón Chávez 0-0: Ball
1-0: Ball
2-0: Ball
3-0: Called Strike
3-1: Ground out U3 (Groundball, 34S)
Bottom of the 9th over - 0 run(s), 1 hit(s), 0 error(s), 2 left on base; Coweta HS 8 - Bishop Gorman HS 7
Thursday, March 30th, 2017 - OOTP Baseball 17.12 Build 75